 Dungeon Crawl Stone Soup version 0.19-a0-1937-g70ed36a (webtiles) character file.

10727 HumanBeing the Slicer (level 11, -3/126 HPs)
             Began as a Human Berserker on Oct 26, 2016.
             Was a High Priest of Trog.
             Slain by a minotaur
             ... wielding a +2 rod of clouds (1/13)
              (27 damage)
             ... in a labyrinth.
             The game lasted 00:27:21 (12618 turns).

HumanBeing the Slicer (Human Berserker)            Turns: 12618, Time: 00:27:22

Health: -3/126     AC: 11    Str: 21 (22) XL:     11   Next: 98%
Magic:  11/11      EV: 20    Int:  7 (9)  God:    Trog [*****.]
Gold:   660        SH:  5    Dex: 14 (15) Spells: 0 memorised, 10 levels left

rFire  . . .     SeeInvis .     q - +0 rapier
rCold  + . .     Gourm    .     T - +2 leather armour {rPois}
rNeg   . . .     Faith    .     f - +0 buckler
rPois  +         Spirit   .     A - +0 helmet
rElec  .         Reflect  .     I - +2 cloak
rCorr  .         Harm     .     e - +0 pair of gloves
MR     .....                    (no boots)
Stlth  ..........               C - amulet of regeneration
                                y - +4 ring of evasion
                                d - ring of protection from cold

@: berserking, very quick
A: no striking features
a: Berserk, Trog's Hand, Brothers in Arms, Burn Spellbooks, Renounce Religion


You were in a labyrinth.
You worshipped Trog.
Trog was extremely pleased with you.
You were not hungry.

You visited 1 branch of the dungeon, and saw 11 of its levels.
You also visited: Labyrinth.

You collected 690 gold pieces.
You spent 30 gold pieces at shops.

Inventory:

Hand Weapons
 p - a +2 dagger of venom
 q - a +0 rapier (weapon)
Armour
 e - a +0 pair of gloves (worn)
 f - a +0 buckler (worn)
 A - a +0 helmet (worn)
 I - a +2 cloak (worn)
 M - a +1 leather armour of fire resistance
 T - a +2 leather armour of poison resistance (worn)
Jewellery
 d - a ring of protection from cold (left hand)
 j - an uncursed amulet of guardian spirit
 y - a +4 ring of evasion (right hand)
 C - an amulet of regeneration (around neck)
 O - an uncursed ring of ice
Wands
 o - a wand of iceblast (4/15)
 v - a wand of slowing (24/48)
 F - a wand of lightning (9/15)
 G - a wand of acid (10/15)
 J - a wand of flame (22/48)
 N - a wand of teleportation (4/9)
 P - a wand of iceblast (5/15)
 Q - a wand of polymorph (20/24)
 S - a wand of digging (13/24)
Scrolls
 b - 5 scrolls of teleportation
 h - 6 scrolls of enchant weapon {unknown}
 i - a scroll of brand weapon
 k - 2 scrolls of enchant armour
 m - a scroll of fog
 r - 2 scrolls of random uselessness {unknown}
 t - 2 scrolls of recharging {unknown}
 w - 3 scrolls of immolation
 H - a scroll of vulnerability
 R - a scroll of remove curse
Potions
 a - 2 potions of brilliance
 n - 4 potions of flight
 s - 2 potions of degeneration
 u - a potion of cure mutation {unknown}
 x - 3 potions of magic {unknown}
 z - 3 potions of curing
 B - a potion of lignification {unknown}
 K - 2 potions of heal wounds
 L - a potion of agility
Miscellaneous
 D - a phial of floods
Comestibles
 c - 5 bread rations
 g - 4 beef jerkies
 l - 3 fruits
 E - 8 slices of pizza


   Skills:
 + Level 7.1 Fighting
 + Level 11.9 Short Blades
 - Level 4.8 Armour
 + Level 6.8 Dodging
 + Level 7.6 Stealth
 - Level 6.1 Shields


You had 10 spell levels left.
You didn't know any spells.

Dungeon Overview and Level Annotations

Branches:
Dungeon (11/15)            Temple (0/1) D:5            Lair (0/6) D:9
    Orc: D:9-12

Altars:
Dithmenos
Elyvilon
Makhleb
Nemelex Xobeh
Okawaru
Qazlal
Sif Muna
Trog
Vehumet

Shops:
D:4 *}   D:9 (


Message History

The minotaur headbutts you!
The minotaur is severely wounded.
You block the minotaur's attack. The minotaur gores you!
You hit the minotaur.
The minotaur is severely wounded.
The minotaur completely misses you. The minotaur gores you!
* * * LOW HITPOINT WARNING * * *
You hit the minotaur.
The minotaur is severely wounded.
The minotaur completely misses you. You block the minotaur's attack.
You hit the minotaur but do no damage.
The minotaur is severely wounded.
The minotaur closely misses you. The minotaur gores you.
* * * LOW HITPOINT WARNING * * *
You hit the minotaur but do no damage.
The minotaur is severely wounded.
You puncture the minotaur!
The minotaur is almost dead.
The minotaur hits you with a rod of clouds!!
You die...

# # . # #. ... #
.# ###.# #
..#.#.# # . ##
.#. .##### # ▓ #
. §§#§§... .# #
###§ §#.# #.# . #
#.#..§#§#...#.#
#.....@.# .## ###
. # . #
#..###H###......#
#. #.# ...
#..#### . ..
.###.###.. .# #
#. ##### # ...
#.. . . #. . ..#
≈<≈ #. # . .# .
≈≈≈≈ #. ## ## . .
# .#######....#
#####.# #.. .
......###


You could see a minotaur.

Vanquished Creatures
  Erolcha (D:10)
  Sonja (D:10)
  An unseen horror (D:10)
  The ghost of kae the Basher, a novice DsGl of Okawaru (D:8)
  Maurice (D:10)
  A hippogriff (D:10)
  A wraith (D:10)
  4 redbacks (Lab)
  3 wyverns
  A human (D:9)
  3 yaks (D:9)
  3 hogs (D:9)
  2 hungry ghosts (Lab)
  Menkaure (D:4)
  Edmund (D:5)
  A water moccasin (D:5)
  A sky beast (D:6)
  3 ice beasts
  4 orc warriors
  3 phantoms
  3 black bears
  5 centaurs
  3 ogres
  4 big kobolds
  5 bullfrogs
  A gnoll sergeant (D:8)
  2 scorpions
  A wyvern skeleton (D:9)
  10 killer bees
  10 wights
  2 spriggan skeletons (Lab)
  6 howler monkeys
  A crimson imp (D:9)
  A bullfrog zombie (D:9)
  5 hounds
  2 jellies
  Crazy Yiuf (D:2)
  6 orc priests
  2 centaur skeletons
  Jessica (D:2)
  3 iguanas
  Ijyb (D:2)
  Natasha (twice) (D:2)
  4 orc wizards
  5 worker ants
  2 hound skeletons
  8 gnolls
  11 adders
  3 river rats (D:9)
  2 oozes
  3 adder skeletons
  3 worms (D:2)
  3 dart slugs
  3 leopard geckos
  24 orcs
  8 giant cockroaches
  6 goblins
  10 hobgoblins
  7 jackals
  18 kobolds
  6 quokkas
  A ball python (D:2)
  18 bats
  5 frilled lizards
  A leopard gecko skeleton (D:6)
  13 rats
278 creatures vanquished.

Vanquished Creatures (others)
  A fungus (D:9)
1 creature vanquished.

Grand Total: 279 creatures vanquished

Notes
Turn   | Place    | Note
-------+----------+-------------------------------------------
     0 | D:1      | HumanBeing the Human Berserker began the quest for the Orb.
     0 | D:1      | Reached XP level 1. HP: 18/18 MP: 1/1
   356 | D:1      | Reached XP level 2. HP: 24/24 MP: 2/2
   618 | D:1      | Reached skill level 4 in Short Blades
   618 | D:1      | Reached XP level 3. HP: 26/29 MP: 3/3
  1059 | D:2      | Reached ** piety under Trog
  1252 | D:2      | Reached skill level 1 in Stealth
  1265 | D:2      | Noticed Natasha
  1285 | D:2      | Killed Natasha
  1285 | D:2      | Reached XP level 4. HP: 11/35 MP: 0/4
  1763 | D:2      | Noticed Natasha
  2014 | D:2      | Reached XP level 5. HP: 22/41 MP: 3/5
  2152 | D:2      | Killed Natasha
  2152 | D:2      | Reached skill level 1 in Shields
  2167 | D:2      | Noticed Jessica
  2204 | D:2      | Killed Jessica
  2204 | D:2      | Reached skill level 5 in Short Blades
  2313 | D:2      | Noticed Ijyb
  2322 | D:2      | Killed Ijyb
  2623 | D:2      | Found a runed door.
  2627 | D:2      | Noticed Crazy Yiuf
  2631 | D:2      | Killed Crazy Yiuf
  2631 | D:2      | Reached XP level 6. HP: 47/47 MP: 6/6
  3244 | D:4      | Found Joecvif's Gadget Emporium.
  3453 | D:4      | Reached *** piety under Trog
  3569 | D:4      | Reached XP level 7. HP: 35/52 MP: 5/7
  3753 | D:4      | Found a sparkling altar of Nemelex Xobeh.
  3801 | D:4      | Noticed Menkaure
  3810 | D:4      | Killed Menkaure
  3810 | D:4      | Reached skill level 6 in Short Blades
  3865 | D:4      | Found Sagol's General Store.
  3870 | D:4      | Bought a scroll of teleportation for 30 gold pieces
  3915 | D:4      | Found a deep blue altar of Sif Muna.
  3915 | D:4      | Found a radiant altar of Vehumet.
  4146 | D:5      | Entered Level 5 of the Dungeon
  4306 | D:5      | Reached XP level 8. HP: 49/58 MP: 8/8
  4550 | D:5      | Reached skill level 7 in Short Blades
  4550 | D:5      | Reached skill level 5 in Shields
  4899 | D:5      | Found a staircase to the Ecumenical Temple.
  4945 | D:5      | Found a shadowy altar of Dithmenos.
  5047 | D:5      | Noticed Edmund
  5087 | D:5      | Killed Edmund
  5225 | D:5      | Found a burning altar of Makhleb.
  5642 | D:6      | Reached skill level 8 in Short Blades
  5642 | D:6      | Reached XP level 9. HP: 63/63 MP: 6/9
  6679 | D:7      | Reached skill level 9 in Short Blades
  6684 | D:7      | Found a stormy altar of Qazlal.
  6896 | D:7      | Reached **** piety under Trog
  7009 | D:7      | Reached skill level 10 in Short Blades
  7218 | D:7      | Found an iron altar of Okawaru.
  7633 | D:8      | Reached XP level 10. HP: 55/70 MP: 7/10
  8068 | D:8      | Noticed kae's ghost (novice DsGl)
  8131 | D:8      | Killed kae's ghost
  8773 | D:9      | Reached skill level 11 in Short Blades
  8802 | D:9      | Reached ***** piety under Trog
  8994 | D:9      | Reached skill level 5 in Fighting
  9026 | D:9      | Reached skill level 5 in Stealth
  9130 | D:9      | Found Winnuo's Weapon Shop.
  9529 | D:9      | Found a white marble altar of Elyvilon.
  9529 | D:9      | Found a bloodstained altar of Trog.
  9603 | D:9      | Reached XP level 11. HP: 80/80 MP: 11/11
  9684 | D:9      | Reached skill level 5 in Dodging
  9805 | D:9      | Found a staircase to the Lair.
 10156 | D:10     | Entered Level 10 of the Dungeon
 10356 | D:10     | Noticed Erolcha
 10364 | D:10     | Killed Erolcha
 10629 | D:10     | Noticed Maurice
 10690 | D:10     | Killed Maurice
 10820 | D:10     | Noticed Sonja
 10858 | D:10     | Killed Sonja
 11360 | D:10     | Killed an unseen horror
 11719 | D:11     | Found a labyrinth entrance.
 11723 | Lab      | Entered a labyrinth
 11944 | Lab      | Found an exit through the horrors of the Abyss.
 12598 | Lab      | Noticed a minotaur
 12618 | Lab      | Identified a +2 rod of clouds (1/13)
 12618 | Lab      | Slain by a minotaur

Vault maps used:
D:1:      saegor_arrival_simple_f
D:2:      first_bread, grunt_decor_arrowhead, grunt_decor_clamped,
          uniq_crazy_yiuf_cottage, uniq_iyjb, uniq_natasha, uniq_jessica
D:4:      kennysheep_big_flooded_room, gammafunk_temple_overflow_elements,
          serial_shops, shop, kennysheep_little_box, st_stairs_3,
          minmay_stone_trees_small, nemelex_dance_club_becter, uniq_menkaure
D:5:      nicolae_overflow_hidden_temple, minivault_23, bloody_makhleb,
          uniq_edmund
D:6:      wad_crossroads
D:7:      grunt_qazlal_sundering, okawaru_gym_becter
D:9:      gammafunk_temple_overflow_wave, grunt_lair_entry_orc_guard_hut,
          serial_shops, shop, grunt_livestock, kennysheep_cluttered_room
D:10:     uniq_sonja, uniq_erolcha, uniq_maurice
D:11:     lab_entry_generic
Lab:      labyrinth_watery, nicolae_lab_big_swirl, nicolae_lab_quarters,
          lab_block, nicolae_lab_starburst, lab_statue,
          labyrinth_skeletal_remains, labyrinth_glass_1, labyrinth_fake_exit

Skill      XL: |  1  2  3  4  5  6  7  8  9 10 11 |
---------------+----------------------------------+-----
Short Blades   | 4 5 6 8 10 11 | 11.9
Stealth        | 1 2 5 7 |  7.6
Shields        | 2 3 4 5 6 |  6.1
Armour         | 3 4 |  4.8
Dodging        | 4 6 |  6.8
Fighting       | 5 7 |  7.1

Action                   |  1- 3 |  4- 6 |  7- 9 | 10-12 || total
-------------------------+-------+-------+-------+-------++-------
Melee: Short sword       |   108 |    64 |       |       ||   172
       Dagger            |       |   141 |   397 |   415 ||   953
       Rapier            |       |       |    45 |   364 ||   409
Invok: Berserk           |     3 |     5 |     4 |     8 ||    20
       Burn Spellbooks   |       |       |       |     1 ||     1
Evoke: Wand              |       |       |       |     1 ||     1
  Use: Potion            |       |     2 |       |     4 ||     6
       Scroll            |       |     3 |     4 |     5 ||    12
 Stab: Sleeping          |     1 |     2 |     2 |     6 ||    11
       Distracted        |       |     2 |       |     2 ||     4
  Eat: Chunk             |     3 |    13 |    17 |    15 ||    48
       Bread ration      |       |       |       |     2 ||     2
       Royal jelly       |       |       |       |     2 ||     2
       Meat ration       |       |       |       |     1 ||     1
Armor: Animal skin       |    22 |    11 |       |       ||    33
       Ring mail         |       |    36 |    76 |       ||   112
       Leather armour    |       |       |     3 |   122 ||   125
Dodge: Dodged            |    51 |    98 |   168 |   412 ||   729
Block: Buckler           |       |       |    64 |   143 ||   207
